 Dungeon Crawl Stone Soup version 0.30.1-11-g7821555f0a (webtiles) character file.

Game seed: 10922289177825817307

82 Okkudo the Trooper (level 4, -1/41 HPs)
             Began as a Hill Orc Fighter on Nov 27, 2023.
             Killed from afar by an orc wizard (5 damage)
             ... with a puff of flame
             ... on level 3 of the Dungeon.
             The game lasted 00:06:09 (1829 turns).

Okkudo the Trooper (Hill Orc Fighter)               Turns: 1829, Time: 00:06:11

Health: -1/41      AC:  7    Str: 20    XL:     4   Next: 43%
Magic:  4/4        EV:  9    Int:  8    God:
Gold:   131        SH:  0    Dex: 10    Spells: 3/3 levels left

rFire   . . .        a - +0 war axe
rCold   . . .        c - +0 buckler
rNeg    . . .        b - +0 scale mail
rPois   .            (no helmet)
rElec   .            (no cloak)
rCorr   .            (no gloves)
SInv    .            (no boots)
Will    .....        (no amulet) Stlth
                     (no ring)
HPRegen 0.26/turn    (no ring)
MPRegen 0.09/turn

%: no passive effects
@: confused
A: no striking features
a: no special abilities


You were on level 3 of the Dungeon.
You visited 1 branch of the dungeon, and saw 3 of its levels.

You collected 131 gold pieces.

Inventory:

Hand Weapons
 a - a +0 war axe (weapon)
Armour
 b - a +0 scale mail (worn)
 c - a +0 buckler (worn)
Scrolls
 f - a scroll of magic mapping
 k - a scroll of vulnerability {unknown}
Potions
 d - a potion of might
 e - a potion of lignification
 h - a potion of flight
 i - a potion of heal wounds
 j - a potion of ambrosia


   Skills:
 + Level 4.3 Fighting
 + Level 3.8 Axes
 + Level 4.0 Armour
 + Level 3.9 Shields


You had 3 spell levels left.
You didn't know any spells.
Your spell library was empty.

Dungeon Overview and Level Annotations

Branches:
Dungeon (3/15)

Altars:
Dithmenos
Gozag

Annotations:
D:3 Grinder


Message History

* * * LOW HITPOINT WARNING * * *
You miss something. Something hits you but does no damage.
You miss something. Something hits you.
* * * LOW HITPOINT WARNING * * *
You hear some strange, mumbled words.
A magic dart appears from out of thin air!
The magic dart hits you.
* * * LOW HITPOINT WARNING * * *
You miss something.
An orc wizard appears from thin air!
Reactivating autopickup.
The orc wizard casts a spell at you.
You are confused.
You bump into the crystal wall.
The orc wizard gestures at you while chanting.
You are more confused.
You barely miss the orc wizard.
The orc wizard is almost dead.
The orc wizard closely misses you.
The orc wizard points at you and mumbles some strange words.
The magic dart hits you.
* * * LOW HITPOINT WARNING * * *
Things that are here:
a +0 dagger; a +0 robe; an orc corpse You're too confused to move!
The orc wizard hits you but does no damage.
You bump into the crystal wall.
The orc wizard points at you and mumbles some strange words.
You are more confused.
You bump into the crystal wall.
The orc wizard hits you but does no damage.
The orc wizard hits you but does no damage.
Things that are here:
a +0 dagger; a +0 robe; an orc corpse You closely miss the orc wizard.
The orc wizard is almost dead.
The orc wizard gestures at you while chanting.
You resist with some effort. The orc wizard casts a spell at you.
The puff of flame misses you. The puff of flame hits you.
You die...

#### ############# ...#
####...........#
...#######....###'##+##+
.............'#.....#
..########...##.....#
..# #....+##)##+ ......
......#..#.....#
..............#o@#{###+#
..............#..#..
...........#..+..'.._..+
...........#..#..#.....#
......#. #..#+###+# #..#
+##+


You could see an orc wizard.

Vanquished Creatures
  An orc wizard (D:3)
  2 adders
  A dart slug (D:1)
  An orc (D:3)
  2 endoplasms
  2 giant cockroaches (D:1)
  4 goblins
  4 hobgoblins
  4 jackals (D:1)
  A quokka (D:2)
  A ball python (D:3)
  3 bats
  2 frilled lizards (D:1)
  2 kobolds
  9 rats (D:2)
39 creatures vanquished.

Notes
Turn   | Place    | Note
-------+----------+-------------------------------------------
     0 | D:1      | Okkudo the Hill Orc Fighter began the quest for the Orb.
     0 | D:1      | Reached XP level 1. HP: 19/19 MP: 1/1
   227 | D:1      | Reached XP level 2. HP: 27/27 MP: 2/2
   623 | D:1      | Reached XP level 3. HP: 27/33 MP: 3/3
  1159 | D:2      | Found a shadowy altar of Dithmenos.
  1636 | D:3      | Noticed Grinder
  1638 | D:3      | Paralysed by Grinder for 3 turns
  1671 | D:3      | Reached XP level 4. HP: 32/40 MP: 4/4
  1674 | D:3      | Paralysed by Grinder for 4 turns
  1790 | D:3      | Found an opulent altar of Gozag.
  1818 | D:3      | HP: 1/41 [something/magic dart (6)]
  1829 | D:3      | Killed from afar by an orc wizard

Illustrated notes

Levels and vault maps discovered:
D:1:      onia_arrival_mini_maze_b, layout_loops_ring, serial_glass,
          glass_columns_b, glass_columns_a, item_on_display_a,
          dreamdust_princess_bridge
D:2:      layout_basic, basic_altar, minmay_rat_gold_closets
D:3:      layout_basic, mainiacjoe_overflow_24_doors,
          mainiacjoe_overflow_six_doors_small, lemuel_doored_altar, uniq_grinder

Skill      XL: |  1  2  3  4 |
---------------+-------------+-----
Axes           | 3 |  3.8
Fighting       | 4 |  4.3
Armour         | 4 |  4.0
Shields        | |  3.9

Action                     |  1- 3 |  4- 6 || total
---------------------------+-------+-------++-------
  Melee: War axe           |    81 |    34 ||   115
    Use: Scroll            |     6 |     1 ||     7
 Armour: Scale mail        |    66 |    19 ||    85
  Dodge: Dodged            |    53 |    12 ||    65
  Block: Buckler           |    29 |     8 ||    37
